 Dungeon Crawl Stone Soup version 0.31.0-9-g3a7656b989 (webtiles) character file.

Game seed: 4009423499141354076

23 qw the Shooter (level 2, 0/16 HPs)
             Began as a Deep Elf Hunter on Feb 2, 2024.
             Succumbed to their own poison gas
             ... on level 1 of the Dungeon.
             The game lasted 00:00:02 (901 turns).

qw the Shooter (Deep Elf Hunter)                     Turns: 901, Time: 00:00:03

Health: 0/16       AC:  3    Str:  8    XL:     2   Next: 72%
Magic:  4/4        EV: 12    Int: 13    God:
Gold:   30         SH:  0    Dex: 18    Spells: 1/1 levels left

rFire   . . .        a - +0 shortbow (elec)
rCold   . . .        (shield currently unavailable)
rNeg    . . .        c - +0 leather armour
rPois   .            (no helmet)
rElec   .            (no cloak)
rCorr   .            (no gloves)
SInv    .            (no boots)
Will    .....        (no amulet)
Stlth   ++           (no ring)
HPRegen 0.22/turn    (no ring)
MPRegen 0.09/turn

%: no passive effects
@: lethally poisoned (0 -> -8)
A: no striking features
a: no special abilities


You were on level 1 of the Dungeon.
You visited 1 branch of the dungeon, and saw 1 of its levels.

You collected 30 gold pieces.


   Skills:
 - Level 1.5 Fighting
 + Level 6.4 Ranged Weapons
 - Level 2.4 Dodging
 - Level 1.2 Stealth


You had one spell level left.
You didn't know any spells.
Your spell library was empty.

Inventory:

Hand Weapons
 a - a +0 shortbow of electrocution (weapon)
Armour
 c - a +0 leather armour (worn)

Dungeon Overview and Level Annotations

Branches:
Dungeon (1/15)

Altars:

Shops:
D:1 *


Message History

The air fills with toxic fumes!
As you read the scroll labelled WEULUFIAVIJ, it crumbles to dust.
It was a scroll of poison.
Partly explored, can't reach some places.
893 ||| READING scroll labelled KUPETI PESHRYA.
As you read the scroll labelled KUPETI PESHRYA, it crumbles to dust.
It is a scroll of brand weapon.
893 ||| BRANDING +0 shortbow.
Your +0 shortbow crackles with electricity.
a - a +0 shortbow of electrocution (weapon)
Partly explored, can't reach some places.
894 ||| DROPPING scroll of butterflies.
You drop a scroll of butterflies.
Partly explored, can't reach some places.
895 ||| DROPPING scroll of poison.
You drop a scroll of poison.
Partly explored, can't reach some places.
896 ||| DROPPING 2 potions of brilliance.
You drop 2 potions of brilliance.
Partly explored, can't reach some places.
897 ||| DROPPING potion of ambrosia.
You drop a potion of ambrosia.
Partly explored, can't reach some places.
What level of the Dungeon? (default 1, ? - help) Sorry, I don't know how to get there.
Enter note:
Enter note:
Enter note:
Enter note:
Enter note:
Enter note:
Enter note:
Enter note:
Enter note: You are engulfed in poison gas.
You are lethally poisoned!
You feel very sick.
899 ||| Stepping ~*~*~tactically~*~*~ (cloud).
You feel very sick.
Items here: !! ??.
There is a lethal amount of poison in your body!
You feel very sick.
There is a lethal amount of poison in your body!
You die...

###............##.#
# #......##.##.##.#
# ######.##....##.#
# #.##.##.##.# #
#.¤0¤...##.# #
####0¤77777# #
#¤7¤0PPP7 #
#0¤0P0PP7 ######
####.77¤P@7
.....###....#77777
####...).####
#######


There were no monsters in sight!

Vanquished Creatures
  An endoplasm (D:1)
  4 giant cockroaches (D:1)
  3 goblins (D:1)
  4 hobgoblins (D:1)
  A quokka (D:1)
  A ball python (D:1)
  2 bats (D:1)
  A frilled lizard (D:1)
  3 kobolds (D:1)
  A rat (D:1)
21 creatures vanquished.

Notes
Turn   | Place    | Note
-------+----------+-------------------------------------------
     0 | D:1      | qw the Deep Elf Hunter began the quest for the Orb.
     0 | D:1      | Reached XP level 1. HP: 12/12 MP: 3/3
     0 | D:1      | 0 ||| qw: Version: 0.3-a-155-g5e7d8dd
     0 | D:1      | 0 ||| qw: Game counter: 2259
     0 | D:1      | 0 ||| qw: Melee chars always use a shield: true
     0 | D:1      | 0 ||| qw: God list: Okawaru
     0 | D:1      | 0 ||| qw: Allow faded altars: false
     0 | D:1      | 0 ||| qw: Do Orc after clearing Dungeon:15 true
     0 | D:1      | 0 ||| qw: Do second Lair branch before Depths: true
     0 | D:1      | 0 ||| qw: Lair rune preference: random
     0 | D:1      | 0 ||| qw: Goals: Normal
     0 | D:1      | 0 ||| PLANNING D:1-11
   123 | D:1      | Reached XP level 2. HP: 16/16 MP: 4/4
   126 | D:1      | Reached skill level 6 in Ranged Weapons
   140 | D:1      | Found Pecuife's Assorted Antiques.
   161 | D:1      | 161 ||| SHOPLISTING emerald potion (20 gold, have 1).
   161 | D:1      | 161 ||| SHOPLISTING ring mail (92 gold, have 1).
   161 | D:1      | 161 ||| SHOPLISTING runed sapphire amulet (115 gold, have
                  | 1).
   161 | D:1      | 161 ||| SHOPLISTING scroll labelled CETA VAT MAASU (23
                  | gold, have 1).
   161 | D:1      | 161 ||| SHOPLISTING scroll labelled EFOGEN TAFU (23 gold,
                  | have 1).
   161 | D:1      | 161 ||| SHOPLISTING scroll labelled GATSEU DAECW (23 gold,
                  | have 1).
   889 | D:1      | 889 ||| READING 2 scrolls labelled WAZES MESH.
   889 | D:1      | 889 ||| IDENTIFYING ruby potion
   890 | D:1      | 890 ||| READING scroll of identify.
   890 | D:1      | 890 ||| IDENTIFYING 2 sedimented pink potions
   891 | D:1      | 891 ||| READING scroll labelled ZAPOWUGHOSCH.
   892 | D:1      | 892 ||| READING 2 scrolls labelled WEULUFIAVIJ.
   893 | D:1      | 893 ||| READING scroll labelled KUPETI PESHRYA.
   893 | D:1      | 893 ||| BRANDING +0 shortbow.
   894 | D:1      | 894 ||| DROPPING scroll of butterflies.
   895 | D:1      | 895 ||| DROPPING scroll of poison.
   896 | D:1      | 896 ||| DROPPING 2 potions of brilliance.
   897 | D:1      | 897 ||| DROPPING potion of ambrosia.
   899 | D:1      | 899 ||| Stepping ~*~*~tactically~*~*~ (cloud).
   899 | D:1      | HP: 4/16 [poisoned by you (poison gas)]
   900 | D:1      | HP: 1/16 [poisoned by you (poison gas)]
   901 | D:1      | Succumbed to their own poison gas

Levels and vault maps discovered:
D:1:      wheals_arrival_linesprint, layout_loops_cross, serial_forest,
          infiniplex_forest_clump_tiny, infiniplex_forest_straight_3,
          infiniplex_forest_diagonal, infiniplex_forest_end_double,
          infiniplex_forest_end_1, infiniplex_forest_clump_double,
          infiniplex_forest_zigzag_1, infiniplex_forest_lined_1, serial_shops,
          shop, grunt_decor_fettered

Skill      XL: |  1  2 |
---------------+-------+-----
Ranged Weapons | 6 |  6.4
Fighting       | |  1.5
Dodging        | |  2.4
Stealth        | |  1.2

Action                     || total
---------------------------++-------
   Fire: Shortbow          ||    63
    Use: Scroll            ||     5
 Armour: Leather armour    ||     8
  Dodge: Dodged            ||    14

Table legend:
 A = Non-vault XP
 B = Vault XP
 C = Vault XP percentage of total XP
 D = Non-vault monster count
 E = Vault monster count
 F = Vault count percentage of total count
                 A         B        C        D         E       F
            +---------+---------+-------+---------+---------+-------
      Total |      33 |       0 |   0.0 |      21 |       0 |   0.0
            +---------+---------+-------+---------+---------+-------
        D:1 |      33 |       0 |   0.0 |      21 |       0 |   0.0
            +---------+---------+-------+---------+---------+-------
